Map: Ascension to Aiur LE

Players

Winthrowe

  • Race: Terran Terran
  • League: Silver
  • Spawn Location: 11:00

A.I. 1 (Very Hard) - Winner!

  • Race: Zerg Zerg
  • Spawn Location: 5:00

VOD

Have the link to the VOD?

Description

Time

  • Played on: Aug. 20, 2017, 2:36 p.m.
  • Length: 17:13
Show
View Real Time Build Order
Export as new Build Order

Winthrowe Terran 

Build Orders: Bio Hellbat 

Get SALT Encoding   

  12  0:01  SCV  
  13  0:13  SCV  
  14  0:19  Supply Depot  
  14  0:25  SCV  
  15  0:31  Refinery  
  15  0:40  SCV  
  16  0:48  Barracks  
  16  0:52  SCV  
  17  1:04  SCV  
  18  1:16  SCV  
  19  1:19  Supply Depot  
  19  1:28  SCV  
  20  1:37  Marine  
  21  1:41  SCV  
  21  1:45  Factory  
  22  1:52  Refinery  
  22  1:53  SCV  
  23  1:58  Barracks Tech Lab  
  23  2:05  SCV  
  24  2:19  Orbital Command  
  24  2:27  Stimpack  
  24  2:39  Command Center  
  24  2:45  Factory Tech Lab  
  24  2:49  SCV  
  25  2:58  Starport  
  25  3:07  Hellion  
  27  3:24  SCV  
  28  3:36  SCV  
  28  3:37  Marine  
  30  3:51  Supply Depot, Medivac, Hellion  
  30  3:55  Marine  
  35  3:58  Infernal Pre-Igniter  
  35  4:12  Marine  
  35  4:13  Supply Depot, Hellion  
  38  4:21  Medivac  
  40  4:28  Concussive Shells  
  40  4:30  Marine  
  41  4:40  Engineering Bay  
  41  4:43  Engineering Bay  
  41  5:04  Marine  
  42  5:08  Siege Tank  
  45  5:17  Starport Reactor  
  45  5:22  Marine  
  46  5:29  SCV x2  
  48  5:40  Siege Tank  
  48  5:41  SCV x2  
  53  5:44  Barracks  
  53  5:49  Combat Shields  
  53  5:53  SCV x2  
  55  5:58  Marauder  
  57  6:08  Terran Infantry Weapons Level 1, Terran Infantry Armor Level 1  
  57  6:19  Marauder  
  57  6:21  Viking  
  61  6:39  Barracks Reactor  
  61  6:45  Supply Depot  
  61  6:55  SCV x2  
  61  6:56  Hellion, Marauder  
  67  7:03  Viking  
  67  7:07  SCV x2  
  67  7:08  Supply Depot  
  71  7:15  Marine x2  
  72  7:17  Hellion, Marauder  
  72  7:19  SCV  
  78  7:27  Armory  
  78  7:31  Supply Depot  
  78  7:32  SCV  
  78  7:33  Marine x2, SCV  
  82  7:38  Hellion, Marauder  
  86  7:44  SCV  
  86  7:45  SCV  
  86  7:49  Refinery  
  86  7:51  Refinery  
  88  7:52  Marine  
  88  7:53  Marine, Supply Depot  
  90  8:00  Medivac x2, Hellion, Marauder  
  98  8:10  Marine x2  
  100  8:16  Supply Depot  
  100  8:21  Hellion, Marauder  
  104  8:29  Marine x2  
  106  8:39  Supply Depot  
  106  8:42  Hellbat, Marauder  
  106  8:47  Marine  
  111  8:55  Unknown  
  102  8:58  Unknown  
  102  9:01  Supply Depot  
  82  9:04  Marauder  
  82  9:07  Marine x2  
  73  9:11  Hellbat  
  75  9:23  Supply Depot  
  75  9:25  Marine x2, Marauder  
  79  9:32  Hellbat  
  79  9:34  SCV  
  79  9:36  Planetary Fortress  
  82  9:43  Marine x2  
  84  9:46  SCV  
  84  9:47  Supply Depot, Marauder  
  87  9:54  Hellbat  
  87  9:58  SCV  
  90  10:00  Marine  
  90  10:01  Marine  
  92  10:07  Marine  
  92  10:10  SCV, Supply Depot  
  94  10:15  Hellbat  
  94  10:18  Marine  
  94  10:19  Marine  
  98  10:22  SCV  
  98  10:26  Marauder  
  101  10:36  Marine  
  101  10:37  Marine  
  101  10:38  Hellbat  
  105  10:43  Unknown  
  105  10:45  Unknown  
  105  10:47  Terran Infantry Weapons Level 2, Marauder  
  105  10:49  Terran Infantry Armor Level 2  
  107  10:53  Terran Vehicle And Ship Armor Level 1  
  107  10:54  Marine  
  108  10:57  Marine  
  108  10:59  Hellion  
  111  11:09  Marauder  
  111  11:10  Viking  
  115  11:12  Marine  
  115  11:15  Marine  
  117  11:20  Hellion  
  119  11:29  Marine  
  119  11:30  Marauder  
  122  11:33  Marine  
  123  11:42  Hellion  
  123  11:44  Unknown  
  123  11:45  Unknown  
  97  11:47  Marine  
  97  11:50  Marine  
  97  11:51  Marauder  
  68  12:05  Marine  
  68  12:06  Viking  
  68  12:07  Viking  
  73  12:08  Marine  
  73  12:13  Marauder  
  76  12:23  Marine  
  76  12:26  Marine  
  78  12:30  Hellion  
  78  12:34  Marauder  
  78  12:36  Viking  
  82  12:37  Viking  
  82  12:41  Marine  
  85  12:44  Marine  
  85  12:47  Command Center  
  86  12:56  Marauder  
  88  13:06  Viking  
  88  13:08  Terran Infantry Weapons Level 3  
  88  13:09  Terran Infantry Armor Level 3  
  88  13:12  Marine  
  90  13:13  Marine  
  90  13:17  Marauder  
  88  13:30  Marine  
  88  13:33  Medivac  
  91  13:36  Medivac  
  91  13:38  Marauder  
  88  14:12  Unknown  
  59  14:21  Viking x2, Marauder  
  59  14:37  Terran Vehicle And Ship Armor Level 2  
  59  14:40  Armory  
  56  14:49  Marauder  
  56  14:50  Viking  
  56  14:51  Viking  
  56  14:52  Marine  
  63  15:09  Marine  
  63  15:10  Marine, Marauder  
  67  15:20  Viking  
  130  15:21  Viking, SCV  
  69  15:27  Marine  
  69  15:28  Marine  
  74  15:32  Marauder  
  74  15:33  SCV  
  77  15:45  Marine x2, SCV  
  77  15:49  Orbital Command  
  80  15:50  Viking  
  80  15:52  Supply Depot  
  80  15:53  Marauder  
  84  15:58  SCV  
  85  16:10  SCV  
  86  16:13  Marine  
  86  16:14  Marine  
  86  16:15  Supply Depot, Marauder  
  90  16:18  Thor  
  96  16:31  Marine  
  96  16:32  Marine  
  98  16:35  Unknown  
  98  16:36  Marauder  
  98  16:37  Supply Depot  
  98  16:39  Fusion Core  
  65  16:49  Marine x2  
  60  17:01  Supply Depot  
Show
View Real Time Build Order
Export as new Build Order

A.I. 1 (Very Hard) Zerg - Winner!

Build Orders: Pool First 

Get SALT Encoding   

  12  0:00  Drone  
  13  0:12  Overlord  
  13  0:17  Drone  
  14  0:30  Drone x2  
  16  0:42  Spawning Pool  
  16  0:45  Drone  
  16  0:49  Drone  
  17  1:11  Hatchery  
  17  1:13  Drone  
  17  1:17  Extractor  
  16  1:18  Drone  
  16  1:22  Drone  
  18  1:27  Drone  
  19  1:38  Overlord  
  19  1:48  Queen  
  19  1:49  Drone  
  22  1:59  Zergling x2  
  23  2:10  Drone  
  24  2:21  Drone  
  25  2:24  Queen  
  25  2:25  Roach Warren  
  25  2:29  Drone  
  27  2:32  Extractor  
  27  2:36  Drone  
  27  2:43  Overlord  
  27  2:47  Drone  
  27  2:49  Drone  
  29  2:53  Drone  
  29  2:55  Drone  
  29  2:58  Drone  
  32  3:02  Zergling x2  
  32  3:04  Zergling x2  
  34  3:09  Roach  
  36  3:13  Roach  
  36  3:18  Roach  
  40  3:21  Roach  
  40  3:26  Drone x2  
  44  3:30  Overlord  
  44  3:38  Lair  
  44  3:42  Metabolic Boost  
  44  3:47  Overlord  
  44  3:50  Drone  
  44  3:52  Drone  
  44  3:54  Drone  
  47  3:56  Zergling x2  
  47  3:59  Zergling x2  
  47  4:01  Zergling x2  
  50  4:08  Evolution Chamber, Drone  
  50  4:13  Evolution Chamber, Drone  
  50  4:16  Drone  
  51  4:17  Drone  
  51  4:20  Drone  
  51  4:22  Drone  
  54  4:34  Zerg Missile Weapons Level 1  
  54  4:39  Zerg Ground Armor Level 1  
  54  4:40  Hydralisk Den, Drone  
  54  4:42  Overlord  
  56  4:45  Roach  
  56  4:48  Roach  
  58  5:02  Overlord  
  58  5:04  Extractor  
  58  5:05  Drone  
  59  5:07  Drone  
  59  5:08  Drone  
  59  5:09  Hydralisk  
  59  5:10  Hydralisk x2, Drone  
  59  5:12  Drone  
  68  5:20  Overlord, Drone  
  68  5:21  Drone  
  70  5:22  Drone  
  70  5:24  Drone x2  
  73  5:31  Drone  
  73  5:33  Drone  
  73  5:34  Drone  
  76  5:38  Drone  
  76  5:40  Infestation Pit  
  76  5:43  Overlord  
  76  5:45  Drone  
  76  5:47  Drone  
  76  5:49  Roach  
  80  5:51  Roach  
  82  6:01  Ravager, Overlord, Roach  
  82  6:02  Roach  
  87  6:05  Roach  
  89  6:12  Extractor  
  89  6:14  Ravager  
  89  6:17  Roach, Evolution Chamber, Infestor  
  92  6:19  Overlord, Drone  
  93  6:32  Spine Crawler  
  93  6:33  Drone  
  93  6:34  Drone  
  93  6:35  Drone x2  
  93  6:37  Overlord, Infestor  
  93  6:38  Spine Crawler  
  93  6:39  Drone  
  98  6:40  Hydralisk  
  100  6:54  Infestor  
  102  7:08  Overlord, Infestor  
  104  7:15  Roach  
  106  7:17  Spore Crawler, Roach  
  106  7:18  Spore Crawler  
  106  7:19  Drone  
  106  7:20  Roach  
  109  7:27  Hatchery  
  109  7:29  Zerg Melee Weapons Level 1  
  108  7:33  Overlord, Hydralisk  
  110  7:37  Hydralisk  
  110  7:42  Overseer  
  112  7:47  Overseer  
  112  7:57  Lurker Den  
  112  8:07  Spine Crawler  
  112  8:12  Ravager  
  112  8:15  Roach  
  114  8:24  Overlord, Roach  
  114  8:27  Roach  
  118  8:33  Queen  
  120  8:38  Queen  
  120  8:39  Drone x2  
  120  8:40  Drone x4  
  120  8:41  Drone x4  
  130  8:42  Overlord, Zergling x4, Drone x2  
  130  8:44  Zergling x4, Drone  
  130  8:46  Ravager  
  130  8:48  Zergling x4, Drone  
  138  8:49  Drone  
  138  8:51  Zergling x2  
  138  8:52  Extractor  
  138  8:54  Drone  
  137  8:55  Ravager  
  137  8:56  Hatchery  
  137  8:57  Baneling Nest  
  137  8:59  Extractor  
  137  9:00  Drone  
  137  9:01  Drone  
  116  9:05  Roach  
  95  9:10  Hydralisk  
  95  9:11  Hydralisk  
  95  9:15  Infestor, Zergling x2  
  95  9:16  Roach  
  95  9:17  Zergling x2  
  100  9:19  Drone x2  
  100  9:20  Roach  
  100  9:21  Hydralisk  
  106  9:24  Zergling x2  
  106  9:27  Roach  
  109  9:32  Roach  
  109  9:34  Drone  
  109  9:38  Drone  
  113  9:40  Lurker  
  113  9:43  Drone  
  113  9:44  Baneling  
  113  9:45  Infestor, Drone  
  117  9:46  Roach, Zergling x2  
  117  9:47  Hydralisk, Lurker  
  117  9:48  Roach x2  
  117  9:50  Roach  
  130  9:53  Hydralisk  
  130  9:56  Hydralisk  
  134  10:00  Infestor  
  134  10:04  Overlord  
  136  10:07  Roach  
  136  10:08  Roach  
  136  10:11  Roach  
  136  10:13  Ravager, Hydralisk  
  145  10:14  Roach  
  145  10:17  Hydralisk  
  149  10:22  Ravager, Overlord  
  149  10:24  Roach  
  149  10:25  Roach  
  149  10:27  Roach  
  156  10:39  Hive  
  156  10:40  Overlord  
  156  10:46  Hatchery  
  155  10:50  Baneling, Spine Crawler  
  155  10:52  Baneling, Spine Crawler, Zergling x2  
  155  10:53  Baneling  
  155  10:55  Baneling, Zergling x2  
  155  10:56  Baneling  
  155  10:58  Baneling, Zergling x2  
  155  10:59  Baneling  
  155  11:01  Baneling, Zergling x2  
  157  11:09  Centrifical Hooks  
  157  11:17  Baneling x2, Zergling x2  
  158  11:21  Spine Crawler  
  158  11:22  Zerg Melee Weapons Level 2  
  158  11:23  Spore Crawler  
  158  11:25  Spine Crawler  
  155  11:31  Zerg Missile Weapons Level 2, Spore Crawler  
  154  11:33  Spore Crawler  
  154  11:35  Spore Crawler  
  150  11:40  Overseer, Queen x2  
  150  11:41  Zergling x6  
  150  11:42  Zergling x4  
  150  11:43  Zergling x4  
  150  11:44  Zergling x4  
  139  11:49  Roach, Zergling x2  
  139  11:51  Viper  
  139  11:52  Roach x2  
  137  11:59  Infestor, Queen, Drone x3  
  137  12:00  Baneling x3, Drone x3  
  137  12:01  Baneling x2, Drone x2  
  149  12:02  Drone  
  149  12:04  Drone  
  149  12:06  Extractor, Drone  
  149  12:08  Drone  
  152  12:09  Drone  
  152  12:11  Drone  
  152  12:12  Drone  
  152  12:14  Drone  
  156  12:19  Spire  
  155  12:24  Drone  
  156  12:43  Extractor  
  155  12:44  Drone  
  155  12:45  Infestor  
  158  12:53  Infestor  
  160  13:04  Viper  
  163  13:07  Spine Crawler  
  163  13:09  Pneumatized Carapace, Drone  
  163  13:17  Overlord, Zergling x2  
  164  13:21  Hatchery  
  164  13:22  Drone  
  164  13:33  Greater Spire, Zergling x2  
  164  13:34  Zergling x2, Corruptor x2  
  165  13:39  Zerg Melee Weapons Level 3  
  170  13:48  Baneling x2, Mutalisk  
  170  13:49  Baneling, Mutalisk x3  
  170  13:50  Overlord, Zergling x2, Queen  
  170  13:51  Baneling, Mutalisk, Spine Crawler, Zergling x4, Drone  
  170  13:53  Zergling x2  
  182  14:01  Spine Crawler  
  182  14:02  Drone  
  182  14:05  Drone x2  
  182  14:07  Hydralisk Den  
  180  14:11  Spine Crawler  
  180  14:12  Tunneling Claws, Drone  
  180  14:13  Spine Crawler  
  180  14:14  Drone  
  180  14:15  Spine Crawler  
  180  14:16  Drone  
  171  14:17  Spore Crawler  
  171  14:18  Drone  
  171  14:20  Baneling x2  
  171  14:21  Spore Crawler  
  171  14:22  Drone, Viper  
  173  14:33  Zerg Missile Weapons Level 3, Queen, Drone  
  176  14:41  Extractor  
  176  14:42  Drone  
  176  14:44  Extractor  
  176  14:45  Drone  
  175  14:50  Spore Crawler, Drone  
  175  14:51  Spire  
  175  14:52  Drone  
  175  14:53  Brood Lord, Spore Crawler, Corruptor  
  175  14:54  Drone  
  175  14:55  Spore Crawler  
  175  14:56  Drone  
  175  14:57  Brood Lord  
  181  15:02  Corruptor  
  183  15:17  Zergling x2  
  184  15:24  Spore Crawler  
  184  15:25  Drone  
  184  15:27  Hatchery, Spine Crawler, Drone  
  184  15:28  Drone  
  184  15:29  Spore Crawler  
  184  15:30  Drone  
  184  15:31  Spine Crawler  
  184  15:32  Brood Lord, Corruptor, Drone  
  184  15:33  Spore Crawler  
  184  15:35  Drone  
  188  15:39  Corruptor  
  188  15:40  Brood Lord  
  192  16:05  Spore Crawler  
  192  16:06  Drone  
  192  16:08  Zergling x2  
  192  16:10  Brood Lord, Corruptor  
  197  16:18  Brood Lord  
  199  16:33  Spore Crawler, Corruptor  
  199  16:34  Drone  
  199  16:35  Zergling x6  
  199  16:36  Zergling x6  
  199  16:37  Mutalisk x2  
  199  16:38  Baneling  
  199  16:40  Mutalisk  
  199  16:41  Mutalisk  
  198  16:50  Extractor  
  198  16:52  Spine Crawler, Drone  
  199  16:54  Spine Crawler, Drone  
  199  17:05  Hatchery, Spine Crawler  
  199  17:11  Spore Crawler  
Tags
 
Composition
Bio Hellbat
League
Silver
Matchup
TvZ
Opening
Pool First
Spawn Locations
Cross Positions
Add a new tag
Caveats
  • Supply blocks, unpowered buildings, or Contaminate may cause inaccurate times.
  • Supply counts are checked every 10 seconds.